Map: Winter's Gate LE

Players

MaNa - Winner!

  • Race: Protoss Protoss
  • Spawn Location: 11:00

MCanning

  • Race: Protoss Protoss
  • Spawn Location: 5:00

VOD

Have the link to the VOD?

Description

Time

  • Played on: Sept. 6, 2019, 1:03 p.m.
  • Length: 4:24
Show
View Real Time Build Order
Export as new Build Order

MaNa Protoss - Winner!

Build Orders:  

Get SALT Encoding   

  12  0:00  Probe  
  13  0:13  Probe  
  14  0:17  Pylon  
  14  0:24  Probe  
  15  0:32  Probe  
  15  0:38  Gateway  
  15  0:40  Probe  
  16  0:46  Assimilator  
  17  0:51  Probe  
  17  0:54  Assimilator  
  18  1:03  Probe  
  19  1:15  Probe  
  20  1:21  Gateway  
  20  1:25  Cybernetics Core  
  20  1:27  Probe  
  21  1:39  Probe  
  22  1:43  Pylon  
  22  1:51  Probe  
  23  2:03  Stalker  
  23  2:04  Probe  
  26  2:08  Stalker  
  26  2:10  Warp Gate  
  28  2:18  Pylon  
  28  2:36  Stalker  
  30  2:38  Stalker  
  30  2:44  Robotics Facility  
  32  2:49  Gateway  
  32  2:59  Pylon  
  32  3:07  Stalker  
  32  3:08  Stalker  
  36  3:19  Warp Prism  
  38  3:36  Pylon  
  42  4:09  Stalker x2  
Show
View Real Time Build Order
Export as new Build Order

MCanning Protoss 

Build Orders: Forge Fast Expand (FFE) 

Get SALT Encoding   

  1  0:00  Probe  
  12  0:05  Probe  
  14  0:16  Pylon  
  14  0:21  Probe  
  15  0:34  Probe  
  16  0:38  Forge  
  16  0:47  Probe  
  18  1:14  Probe  
  18  1:15  Gateway  
  17  1:22  Probe  
  18  1:33  Nexus  
  18  1:35  Probe  
  19  1:42  Pylon  
  19  1:47  Probe  
  19  1:50  Assimilator  
  21  2:03  Pylon  
  21  2:06  Probe  
  21  2:07  Cybernetics Core  
  21  2:19  Gateway  
  21  2:26  Warp Gate, Photon Cannon  
  21  2:27  Probe  
  22  2:39  Probe  
  22  2:41  Stalker  
  22  2:44  Photon Cannon  
  26  3:08  Gateway  
  24  3:13  Gateway  
  24  3:15  Gateway  
  24  3:21  Stalker  
  26  3:28  Shield Battery  
  26  3:40  Probe  
  27  3:44  Shield Battery  
  28  3:51  Photon Cannon  
  28  3:56  Shield Battery  
  27  4:08  Probe  
  23  4:15  Stalker x2  
Tags
 
Add a new tag
Caveats
  • Supply blocks, unpowered buildings, or Contaminate may cause inaccurate times.
  • Supply counts are checked every 10 seconds.